 Seeded DCSS version 0.30.1-9-gdf580d7c3d (webtiles) character file.

Game seed: 6351066067085065685 (custom seed)

116279 Esekla the Eclecticist (level 16, 0/96 HPs)
             Began as a Deep Elf Wanderer on Oct 23, 2023.
             Was a High Priest of Vehumet.
             Shot with an arrow by a satyr (25 damage)
             ... on level 2 of the Shoals on Oct 24, 2023.
             The game lasted 03:10:18 (20724 turns).

Esekla the Eclecticist (Deep Elf Wanderer)         Turns: 20724, Time: 03:10:18

Health: 0/96       AC: 20    Str:  9    XL:     16   Next: 20%
Magic:  31/42      EV: 14    Int: 30    God:    Vehumet [*****.]
Gold:   1346       SH: 10    Dex: 11    Spells: 10/55 levels left

rFire   . . .        f - +4 scimitar (flame)
rCold   . . .        d - +0 buckler
rNeg    + . .        r - +0 troll leather armour
rPois   +            Z - +2 helmet {Int+3}
rElec   +            P - +2 cloak
rCorr   .            l - +0 pair of gloves
SInv    .            C - +2 pair of boots {rampage}
Will    +....        N - amulet of reflection
Stlth   +++          q - ring of the Mage {Wiz Archmagi}
HPRegen 1.16/turn    X - ring of Greed {rElec rPois rN+ AC+4 Str-2}
MPRegen 0.28/turn

%: reflection, rampage, wizardry (x1), archmagi
@: wereblooded, studying Fighting
A: no striking features
a: Renounce Religion


You were on level 2 of the Shoals.
You worshipped Vehumet.
Vehumet was extremely pleased with you.
You visited 6 branches of the dungeon, and saw 24 of its levels.
You also visited: Trove and Bailey.

You collected 3388 gold pieces.
You spent 2042 gold pieces at shops.

Inventory:

Hand Weapons
 a - a +2 vampiric dagger
 c - a +5 scimitar
 f - a +4 scimitar of flaming (weapon)
 g - a +4 trident of venom
 s - the +5 rapier of the Hero {heavy, rN+ Dex+3}
   (You found it on level 3 of the Dungeon)

   Dex:       It affects your dexterity (+3).
   rN:        It protects you from negative energy.
 v - a +2 rapier of venom
Missiles
 m - 14 boomerangs (quivered)
 w - 65 poisoned darts
 I - 6 curare-tipped darts
Armour
 d - a +0 buckler (worn)
 l - a +0 pair of gloves (worn)
 r - a +0 troll leather armour (worn)
 C - a +2 pair of boots of rampaging (worn)
 P - a +2 cloak (worn)
 Y - a +2 robe of cold resistance
 Z - a +2 helmet of intelligence (worn)
Jewellery
 q - the ring of the Mage (left hand) {Wiz Archmagi}
   (You bought it in a shop on level 2 of the Dungeon)

   [ring of wizardry]

   It improves your spell success rate.
   Archmagi:  It increases the power of your magical spells.
 z - an amulet of magic regeneration
 N - an amulet of reflection (around neck)
 R - a +5 ring of evasion
 U - a ring of ice
 V - the ring "Edamun" {rF+ Will+ Str+3 Dex+2 Slay+2}
   (You found it in a treasure trove)

   [ring of willpower]

   Str:       It affects your strength (+3).
   Dex:       It affects your dexterity (+2).
   Slay:      It affects your accuracy & damage with ranged weapons and melee
   (+2).
   rF:        It protects you from fire.
   Will:      It increases your willpower.
 X - the ring of Greed (right hand) {rElec rPois rN+ AC+4 Str-2}
   (You bought it in a shop on level 2 of the Dungeon)

   [ring of protection]

   AC:        It affects your AC (+4).
   Str:       It affects your strength (-2).
   rElec:     It insulates you from electricity.
   rPois:     It protects you from poison.
   rN:        It protects you from negative energy.
Wands
 i - a wand of roots (29)
 A - a wand of flame (34)
 H - a wand of mindburst (7)
 M - a wand of quicksilver (3)
 Q - a wand of digging (9)
Scrolls
 p - 3 scrolls of amnesia
 u - 5 scrolls of fog
 x - a scroll of silence
 y - 2 scrolls of magic mapping
 B - 2 scrolls of fear
 D - 5 scrolls of enchant weapon
 E - 9 scrolls of teleportation
 G - 2 scrolls of poison
 J - 3 scrolls of acquirement
 L - 6 scrolls of blinking
Potions
 b - 5 potions of lignification
 e - 3 potions of ambrosia
 h - 2 potions of heal wounds
 j - 8 potions of curing
 k - 9 potions of haste
 t - 6 potions of brilliance
 F - a potion of might
 K - a potion of cancellation
 O - a potion of resistance
 S - 3 potions of flight
 T - 2 potions of magic
 W - 7 potions of attraction


   Skills:
 * Level 9.6 Fighting
 + Level 4.4(4.6) Short Blades
 + Level 1.5(3.0) Long Blades
 + Level 1.6 Throwing
 * Level 5.6 Armour
 * Level 10.7 Dodging
 + Level 5.9 Stealth
 - Level 5.3 Shields
 * Level 20.3 Spellcasting
 + Level 6.8 Conjurations
 + Level 10.1 Necromancy
 + Level 5.2 Translocations
 + Level 6.4 Transmutations
 + Level 6.3 Fire Magic
 + Level 5.6 Ice Magic
 * Level 8.5 Air Magic
 * Level 5.8 Earth Magic
 + Level 7.8 Poison Magic
 + Level 1.0 Invocations


You had 10 spell levels left.
You knew the following spells:

 Your Spells              Type           Power      Damage    Failure   Level
a - Magic Dart            Conj           100%       1d8       1%          1
b - Blink                 Tloc           100%       N/A       1%          2
c - Mephitic Cloud        Conj/Pois/Air  86%        N/A       1%          3
d - Vampiric Draining     Necr           95%        2d12      1%          3
e - Searing Ray           Conj           100%       2d8       1%          2
f - Fireball              Conj/Fire      40%        3d16      1%          5
i - Irradiate             Conj/Tmut      40%        3d25      1%          5
n - Ignite Poison         Fire/Tmut/Pois 82%        N/A       1%          3
p - Apportation           Tloc           100%       N/A       1%          1
r - Frozen Ramparts       Ice            100%       1d16      1%          3
v - Poisonous Vapours     Pois/Air       100%       N/A       1%          2
w - Wereblood             Tmut           80%        N/A       1%          2
x - Olgreb's Toxic Radia  Pois           86%        N/A       1%          4
y - Sticky Flame          Conj/Fire      81%        2d9       1%          4
z - Freezing Cloud        Conj/Ice/Air   41%        6-21      1%          5

Your spell library contained the following spells:

 Spells                   Type           Power      Damage    Failure   Level
 Iskenderun's Battlesphe  Conj           82%        2d13      1%          5
 Foxfire                  Conj/Fire      100%       2x1d9     1%          1
 Necrotise                Necr           100%       1d9       1%          1
 Sandblast                Erth           100%       2d20      1%          1
 Sting                    Tmut/Pois      100%       1d8       1%          1
 Lesser Beckoning         Tloc           100%       N/A       1%          2
 Passwall                 Tmut/Erth      65%        N/A       1%          2
 Sublimation of Blood     Necr           95%        N/A       1%          2
 Dazzling Flash           Conj/Hex       100%       N/A       1%          3
 Gell's Gravitas          Tloc           75%        N/A       1%          3
 Hailstorm                Conj/Ice       80%        3d16      1%          3
 Portal Projectile        Hex/Tloc       100%       N/A       1%          3
 Spider Form              Tmut/Pois      83%        N/A       1%          3
 Stone Arrow              Conj/Erth      100%       3d13      1%          3
 Teleport Other           Tloc           75%        N/A       1%          3
 Vhi's Electric Charge    Tloc/Air       100%       N/A       1%          3
 Ice Form                 Ice/Tmut       79%        N/A       1%          4
 Manifold Assault         Tloc           75%        N/A       1%          4
 Passage of Golubria      Tloc           75%        N/A       1%          4
 Agony                    Necr           95%        N/A       1%          5
 Summon Ice Beast         Ice/Summ       63%        N/A       2%          4
 Plasma Beam              Fire/Air       42%        2x1d62    2%          6
 Starburst                Conj/Fire      40%        6d12      3%          6
 Silence                  Hex/Air        35%        N/A       4%          5
 Cause Fear               Hex            22%        N/A       9%          4
 Dispersal                Tloc           37%        N/A       16%         6
 Summon Mana Viper        Hex/Summ       45%        N/A       26%         5
 Ignition                 Fire           40%        3d12      67%         8
 Lehudib's Crystal Spear  Conj/Erth      40%        10d10     67%         8
 Summon Hydra             Summ           22%        N/A       99%         7
 Disjunction              Tloc           37%        N/A       99%         8


Dungeon Overview and Level Annotations

Branches:
Dungeon (12/15)            Temple (0/1) D:6            Lair (5/5) D:11
 Shoals (2/4) Lair:2       Spider (2/4) Lair:3        Slime (0/5) Lair:5
    Orc (2/2) D:10            Elf (1/3) Orc:2        Bailey (visited)

Altars:
Dithmenos
Fedhas
Hepliaklqana
Nemelex Xobeh
Okawaru
Qazlal
Ru
Trog
Uskayaw
Vehumet
Zin
The Shining One
Jiyva

Shops:
D:2 =   D:4 (   D:11 *   Orc:2 **[:

Portals:
Pandemonium: Orc:2


Message History

You block the harpy's attack. The harpy closely misses you.
The harpy claws you but does no damage. The harpy barely misses you.
The harpy claws you. The harpy completely misses you.
The satyr shoots an arrow.
The arrow hits you!!
The faun shoots a sling bullet.
You block the sling bullet with an invisible shield... and reflect it back!
The sling bullet hits the faun!
The harpy claws you but does no damage. The harpy claws you.
A faun comes into view. It is wielding a +0 spear.
Casting: Vampiric Draining (safe; 1% risk of failure)
Confirm with . or Enter, or press ? or * to list all spells.
Aiming: Vampiric Draining (safe; 1% risk of failure)
Press: ? - help, Shift-Dir - straight line, f/p - harpy
Aim: a harpy (almost dead)
You feel a surge of power!
You draw life force from the harpy!
You feel a bit better.
You kill the harpy!
Vehumet accepts your kill.
You feel your power returning.
You feel life coursing into your body.
The satyr looks even sicker.
The faun is poisoned.
You kill the faun!
Vehumet accepts your kill.
You feel your power returning.
You hear a splash. x2
The satyr plays a lulling melody on his pipes!
You fall asleep.
The harpy claws you but does no damage. The harpy claws you!
You wake up.
* * * LOW HITPOINT WARNING * * *
A faun comes into view.
It is wielding a +0 spectral quarterstaff.
As you read the scroll of fear, it crumbles to dust.
You assume a fearsome visage.
The harpy looks frightened! x2
The satyr looks frightened!
The faun looks frightened! x2
Your attack snaps the satyr out of its fear.
The satyr looks as sick as possible!
Your attack snaps the faun out of its fear.
The faun looks even sicker.
Your attack snaps the faun out of its fear.
The faun is poisoned.
Your toxic aura wanes.
The satyr shoots an arrow.
The arrow hits you!!
You die...

~≈≈≈~...[>~~cc. P..
~≈≈≈≈≈..~~~~~c. ~~.
~~~≈≈≈~≈≈≈≈≈≈≈) ~≈~
~≈≈≈≈≈≈~~~≈≈≈≈~ ≈≈≈~~≈
≈≈≈≈.~≈§§§~~~~~ ≈≈≈~~~
≈≈≈≈~..§§§~~~~~ ≈≈≈..~..
~≈≈≈≈~$§§§~~~..
~~..#.~..≈≈≈≈H~†@..H~...
...##....~≈≈≈≈≈..<..~~~~
~......~..~.~≈~.$..~~~~~
~~~....~~...~~~....~~~≈≈
~~~...~~~..~~~.(...~~≈≈≈
.~~~.~~~~..~~~....[~~≈≈≈
~~~~~~~~~~.........~~≈≈≈
..~~~~~~~..#....~~~~~≈≈≈
#..~~~~~.


You could see a satyr (extremely poisoned), 2 fauns and 2 harpies.

Vanquished Creatures
  Rupert (Lair:4)
  A deep elf sorcerer (Elf:1)
  An orc warlord (Orc:2)
  A deep elf demonologist (Elf:1)
  Azrael (Orc:2)
  2 deep elf annihilators (Elf:1)
  A spark wasp (Spider:1)
  5 entropy weavers
  A deep elf death mage (Elf:1)
  2 fire dragons (Lair:5)
  A deep elf high priest (Elf:1)
  2 boulder beetles (Lair:2)
  A demonspawn (Orc:2)
  A merfolk aquamancer (Shoals:2)
  3 hydras
  A catoblepas (Lair:5)
  3 jorogumos
  3 two-headed ogres
  4 dancing weapons (Elf:1)
  2 orc high priests (Orc:2)
  A pharaoh ant (Spider:1)
  A sun moth (Spider:1)
  A swamp dragon (shapeshifter) (Elf:1)
  Lodul (D:11)
  5 sea snakes (Shoals:1)
  3 skysharks
  An orb spider (Spider:2)
  A deep elf archer (Elf:1)
  Pikel (D:6)
  A swamp dragon (Lair:5)
  2 steelbarb worms (Spider:1)
  2 lindwurms (Lair:5)
  An oklob plant (Lair:5)
  7 deep elf zephyrmancers (Elf:1)
  7 deep elf pyromancers (Elf:1)
  11 harpies
  An ugly thing (D:12)
  8 orc knights
  2 wolf spiders
  7 cyclopes
  10 orc sorcerers
  9 elephants (Lair:5)
  2 moths of wrath (Spider:1)
  Joseph (D:7)
  8 manticores
  10 fauns
  A merfolk siren (Lair:2)
  2 black mambas
  A water nymph (Shoals:1)
  7 torpor snails
  2 gargoyles
  A smoke demon (Orc:2)
  2 demonic crawlers (Spider:1)
  11 cane toads
  Psyche (D:11)
  3 rime drakes
  15 komodo dragons
  A kobold demonologist (D:9)
  10 merfolk
  A red devil (Orc:2)
  A polar bear (D:11)
  7 trolls
  9 hornets
  5 tarantellas
  3 tyrant leeches (Lair:5)
  A wind drake (Shoals:1)
  5 blink frogs (Lair:1)
  5 jumping spiders
  12 spriggans (Lair:3)
  An air elemental (Elf:1)
  4 centaur simulacra (D:11)
  33 yaks
  A vampire (D:12)
  4 culicivoras
  3 water elementals
  A wraith (D:12)
  5 basilisks
  A chaos spawn (Orc:2)
  3 fire elementals (Orc:2)
  5 wyverns
  11 redbacks
  Menkaure (D:7)
  3 steam dragons
  2 wargs (Orc:2)
  4 hell hounds (Orc:2)
  2 acid dragons (Lair:5)
  6 ice beasts
  14 water moccasins
  2 swamp drakes (Lair:5)
  A sky beast (D:6)
  37 orc warriors
  2 black bears
  15 ogres
  2 centaurs
  3 boggarts (Lair:3)
  12 wolves
  A phantom (D:7)
  4 lemures (D:6)
  Blork the orc (D:6)
  4 kobold brigands
  10 bullfrogs
  2 earth elementals
  4 gnoll sergeants
  3 scorpions
  10 wights
  21 killer bees
  2 howler monkeys (D:10)
  An electric eel (D:11)
  2 quasits (D:8)
  2 gnoll boudas
  6 hounds
  A jelly (D:6)
  Crazy Yiuf (D:7)
  25 orc priests
  A sleepcap (D:5)
  7 iguanas
  12 hell rats
  13 orc wizards
  29 gnolls
  9 adders
  3 shadow imps (D:8)
  9 white imps
  4 ufetubi
  A worm (D:4)
  3 dart slugs
  80 orcs
  4 endoplasms
  9 goblins
  7 hobgoblins
  A quokka (D:1)
  6 ball pythons
  4 bats
  4 frilled lizards
  21 kobolds
  A rat (D:2)
  A butterfly (Lair:4)
754 creatures vanquished.

Vanquished Creatures (others)
  An orc high priest (Orc:2)
1 creature vanquished.

Grand Total: 755 creatures vanquished

Notes
Turn   | Place    | Note
-------+----------+-------------------------------------------
     0 | D:1      | Esekla the Deep Elf Wanderer began the quest for the Orb.
     0 | D:1      | Esekla set off with the following items: a +0 club, a
                  | potion of lignification, a +0 robe, a +0 buckler; and the
                  | following spells available to memorise: Apportation, Blink,
                  | Lesser Beckoning, Magic Dart, Ignite Poison, Vampiric
                  | Draining.
     0 | D:1      | Reached XP level 1. HP: 10/10 MP: 7/7
     2 | D:1      | Learned a level 1 spell: Magic Dart
     4 | D:1      | Learned a level 1 spell: Apportation
   259 | D:2      | Found Renulab's Jewellery Shop.
   493 | D:4      | Found a radiant altar of Vehumet.
   501 | D:4      | Found an iron altar of Okawaru.
   512 | D:4      | Found a glowing silver altar of Zin.
   600 | D:4      | Became a worshipper of Vehumet
   838 | D:3      | Reached XP level 2. HP: 15/15 MP: 7/9
   841 | D:3      | Learned a level 2 spell: Blink
  1034 | D:3      | Identified the +5 rapier of the Hero {heavy, rN+ Dex+3}
  1115 | D:2      | Reached skill level 5 in Spellcasting
  1200 | D:1      | Reached XP level 3. HP: 14/19 MP: 9/11
  1207 | D:1      | Reached * piety under Vehumet
  1207 | D:1      | Offered knowledge of Freeze by Vehumet.
  1217 | D:1      | Learned a level 3 spell: Vampiric Draining
  1237 | D:1      | Reached skill level 1 in Necromancy
  1531 | D:2      | Reached XP level 4. HP: 20/22 MP: 10/13
  1549 | D:2      | Noticed a black bear
  1562 | D:2      | Reached skill level 1 in Dodging
  1577 | D:2      | Found a faded altar of an unknown god.
  1704 | D:2      | Reached skill level 1 in Short Blades
  1734 | D:2      | Reached skill level 6 in Spellcasting
  1807 | D:3      | Found a stormy altar of Qazlal.
  1824 | D:3      | Reached XP level 5. HP: 24/28 MP: 12/15
  1826 | D:3      | Found a bloodstained altar of Trog.
  1828 | D:3      | Found a hazy altar of Hepliaklqana.
  2071 | D:5      | Entered Level 5 of the Dungeon
  2082 | D:5      | Got the Parchment of the Lumpy Olives
  2114 | D:5      | Found a shadowy altar of Dithmenos.
  2367 | D:5      | Reached skill level 7 in Spellcasting
  2398 | D:5      | Offered knowledge of Searing Ray by Vehumet.
  2399 | D:5      | Reached XP level 6. HP: 28/32 MP: 18/18
  2402 | D:5      | Learned a level 2 spell: Searing Ray
  2445 | D:5      | Reached ** piety under Vehumet
  2671 | D:4      | Found Ponaysk's Antique Weapon Boutique.
  2790 | D:4      | Found a glowing golden altar of the Shining One.
  2828 | D:4      | Reached skill level 8 in Spellcasting
  3075 | D:5      | Reached XP level 7. HP: 33/36 MP: 16/20
  3178 | D:5      | Reached skill level 1 in Conjurations
  3509 | D:5      | Reached skill level 9 in Spellcasting
  3749 | D:6      | Offered knowledge of Static Discharge by Vehumet.
  3755 | D:6      | Noticed Blork the orc
  3775 | D:6      | Killed Blork the orc
  3834 | D:6      | Found a staircase to the Ecumenical Temple.
  3936 | D:6      | Reached XP level 8. HP: 29/41 MP: 17/23
  3944 | D:6      | Reached *** piety under Vehumet
  3958 | D:6      | Found a blossoming altar of Fedhas.
  3986 | D:6      | Learned a level 3 spell: Ignite Poison
  4227 | D:6      | Noticed Pikel
  4249 | D:7      | Found a runed translucent door.
  4250 | D:7      | Noticed Crazy Yiuf
  4257 | D:7      | Killed Crazy Yiuf
  4301 | D:7      | Reached skill level 10 in Spellcasting
  4363 | D:7      | Noticed Menkaure
  4368 | D:7      | Killed Menkaure
  4433 | D:7      | You fall into a shaft and drop 2 floors!
  4482 | D:9      | Noticed a two-headed ogre
  4646 | D:9      | Found a flagged portal.
  4651 | D:9      | Offered knowledge of Mephitic Cloud by Vehumet.
  4660 | D:9      | Learned a level 3 spell: Mephitic Cloud
  4685 | Bailey   | Entered a bailey
  4840 | Bailey   | Reached skill level 5 in Necromancy
  4840 | Bailey   | Reached XP level 9. HP: 29/45 MP: 15/25
  4900 | Bailey   | Identified the +2 bardiche of Puhoisos {heavy, rElec
                  | Stlth+}
  4938 | Bailey   | Noticed an orc knight
  4938 | Bailey   | Noticed an orc knight
  4952 | Bailey   | Killed an orc knight
  4953 | Bailey   | Reached skill level 11 in Spellcasting
  4953 | Bailey   | Reached skill level 1 in Transmutations
  4953 | Bailey   | Reached skill level 1 in Fire Magic
  4953 | Bailey   | Reached skill level 1 in Air Magic
  4953 | Bailey   | Reached skill level 1 in Poison Magic
  4954 | Bailey   | Killed an orc knight
  5264 | D:9      | Killed a two-headed ogre
  5265 | D:9      | Reached skill level 1 in Fighting
  5265 | D:9      | Reached skill level 1 in Throwing
  5265 | D:9      | Reached skill level 5 in Dodging
  5331 | D:9      | Found a sparkling altar of Nemelex Xobeh.
  5373 | D:9      | Noticed a kobold demonologist
  5380 | D:9      | Killed a kobold demonologist
  5381 | D:9      | Reached XP level 10. HP: 53/53 MP: 23/27
  5440 | D:9      | Noticed a cyclops
  5453 | D:9      | Killed a cyclops
  5454 | D:9      | Reached skill level 12 in Spellcasting
  5572 | D:9      | Reached **** piety under Vehumet
  5792 | D:9      | Noticed a cyclops
  5802 | D:9      | Killed a cyclops
  5887 | D:10     | Entered Level 10 of the Dungeon
  5919 | D:10     | Found a staircase to the Orcish Mines.
  5952 | Orc:1    | Entered Level 1 of the Orcish Mines
  5953 | Orc:1    | Noticed an orc knight
  5959 | Orc:1    | Offered knowledge of Irradiate by Vehumet.
  5967 | Orc:1    | Killed an orc knight
  6031 | Orc:1    | Learned a level 5 spell: Irradiate
  6133 | Orc:2    | Entered Level 2 of the Orcish Mines
  6406 | D:8      | Reached skill level 13 in Spellcasting
  6622 | D:2      | Bought the ring of the Mage {Wiz Archmagi} for 714 gold
                  | pieces
  6622 | D:2      | Found the ring of the Mage {Wiz Archmagi}
  7245 | D:6      | Killed Pikel
  7246 | D:6      | Reached XP level 11. HP: 58/61 MP: 23/30
  7443 | D:7      | Reached skill level 5 in Conjurations
  7493 | D:7      | Noticed Joseph
  7518 | D:7      | Killed Joseph
  7575 | D:8      | Reached ***** piety under Vehumet
  7686 | D:8      | Offered knowledge of Flame Wave by Vehumet.
  7690 | D:8      | Noticed a two-headed ogre
  7722 | D:8      | Killed a two-headed ogre
  7763 | D:8      | Found a transporter.
  7764 | D:8      | Found a transporter.
  7765 | D:8      | Found a transporter.
  7883 | D:8      | Found a hide-covered altar of Uskayaw.
  7903 | D:8      | Found a transporter.
  8391 | D:10     | Reached skill level 14 in Spellcasting
  8620 | D:10     | Found a sacrificial altar of Ru.
  8986 | D:11     | Reached skill level 5 in Fighting
  8991 | D:11     | Reached skill level 5 in Stealth
  9253 | D:11     | Found a staircase to the Lair.
  9367 | D:12     | Learned a level 2 spell: Wereblood
  9528 | D:12     | Learned a level 5 spell: Fireball
  9620 | D:12     | Learned a level 2 spell: Poisonous Vapours
  9626 | D:12     | Learned a level 5 spell: Freezing Cloud
  9656 | D:12     | Found a portal to a secret trove of treasure.
  9722 | D:11     | Reached skill level 1 in Armour
  9728 | D:11     | Offered knowledge of Conjure Ball Lightning by Vehumet.
  9772 | D:11     | Reached XP level 12. HP: 45/68 MP: 11/32
  9959 | D:11     | Found Fagafuf's Pet Rocks.
  9972 | D:11     | Noticed Lodul
  9975 | D:11     | Killed Lodul
  9981 | D:11     | Reached skill level 15 in Spellcasting
  9989 | D:11     | Reached skill level 1 in Ice Magic
 10129 | D:11     | Noticed Psyche
 10131 | D:11     | Noticed a two-headed ogre
 10133 | D:11     | Killed Psyche
 10135 | D:11     | Killed a two-headed ogre
 10461 | D:11     | Got Simple Magic
 10967 | Trove    | Entered a treasure trove
 10978 | Trove    | Identified the +0 cloak of Time Monsters {Stlth+}
 10994 | Trove    | Identified the ring "Edamun" {rF+ Will+ Str+3 Dex+2 Slay+2}
 11002 | Trove    | Identified the +1 flail "Jovap" {freeze, rElec Dex+5}
 11007 | Trove    | Identified the +3 ring mail "Poady" {+Inv rF+ Dex+2 Slay-4}
 11211 | D:2      | Bought the ring of Greed {rElec rPois rN+ AC+4 Str-2} for
                  | 758 gold pieces
 11390 | Lair:1   | Entered Level 1 of the Lair of Beasts
 11442 | Lair:1   | Reached skill level 5 in Air Magic
 11972 | Lair:1   | Reached skill level 16 in Spellcasting
 12302 | Lair:2   | Found a transporter.
 12302 | Lair:2   | Found a transporter.
 12303 | Lair:2   | Noticed a boulder beetle
 12303 | Lair:2   | Noticed a boulder beetle
 12313 | Lair:2   | Killed a boulder beetle
 12315 | Lair:2   | Killed a boulder beetle
 12506 | Lair:2   | You fall into a shaft and drop 1 floor!
 12523 | Lair:3   | Found a hole to the Spider Nest.
 12686 | Lair:2   | Reached XP level 13. HP: 67/73 MP: 28/35
 13058 | Lair:2   | Found a staircase to the Shoals.
 13287 | Lair:3   | Identified the +3 leather armour of Okawaru's Inspiration
                  | {Str+4}
 13335 | Lair:3   | Reached skill level 5 in Fire Magic
 13702 | Lair:3   | Reached skill level 5 in Poison Magic
 14007 | Lair:4   | Learned a level 4 spell: Sticky Flame
 14210 | Lair:4   | Reached skill level 17 in Spellcasting
 14441 | Lair:4   | Noticed Rupert
 14484 | Lair:4   | Killed Rupert
 14511 | Lair:4   | Reached skill level 10 in Necromancy
 14835 | Lair:5   | Entered Level 5 of the Lair of Beasts
 14926 | Lair:4   | Reached skill level 5 in Transmutations
 14971 | Lair:5   | Reached skill level 1 in Earth Magic
 15130 | Lair:5   | Reached XP level 14. HP: 82/82 MP: 27/37
 15222 | Lair:5   | Found a runed translucent door.
 15271 | Lair:5   | Reached skill level 5 in Ice Magic
 15755 | Lair:5   | Found a viscous altar of Jiyva.
 15755 | Lair:5   | Found a staircase to the Slime Pits.
 15927 | Lair:5   | Reached skill level 18 in Spellcasting
 16029 | Lair:5   | Got Utragud's Papyrus of the Inquisitive Olives
 16667 | Orc:2    | Reached skill level 5 in Translocations
 16832 | Orc:2    | Noticed an orc warlord
 16843 | Orc:2    | Killed an orc warlord
 16867 | Orc:2    | Found a staircase to the Elven Halls.
 17054 | Orc:2    | Found Bamnuus's General Store.
 17090 | Orc:2    | Found Roezostra's General Store.
 17198 | Orc:2    | Offered knowledge of Arcjolt by Vehumet.
 17326 | Orc:2    | Noticed Azrael
 17330 | Orc:2    | Killed Azrael
 17436 | Orc:2    | Found Jyohez's Book Shop.
 17436 | Orc:2    | Found Huzal's Antique Armour Boutique.
 17437 | Orc:2    | Found a one-way gate leading to the halls of Pandemonium.
 17439 | Orc:2    | Bought a Young Poisoner's Handbook for 300 gold pieces
 17444 | Orc:2    | Learned a level 4 spell: Olgreb's Toxic Radiance
 17446 | Orc:2    | Bought a runed helmet for 270 gold pieces
 17502 | Elf:1    | Entered Level 1 of the Elven Halls
 17516 | Elf:1    | Reached XP level 15. HP: 82/89 MP: 24/39
 17724 | Elf:1    | Reached skill level 10 in Dodging
 17732 | Elf:1    | Reached skill level 19 in Spellcasting
 17742 | Elf:1    | Noticed a deep elf sorcerer
 17745 | Elf:1    | Killed a deep elf sorcerer
 18009 | Elf:1    | Reached skill level 1 in Long Blades
 18144 | Elf:1    | Learned a level 3 spell: Frozen Ramparts
 18484 | Spider:1 | Entered Level 1 of the Spider Nest
 18722 | Spider:1 | Reached skill level 5 in Armour
 18722 | Spider:1 | Reached skill level 5 in Shields
 19031 | Spider:2 | Offered knowledge of Iskenderun's Battlesphere by Vehumet.
 19141 | Spider:2 | Reached skill level 5 in Earth Magic
 19661 | Shoals:1 | Entered Level 1 of the Shoals
 19990 | Shoals:1 | Reached skill level 20 in Spellcasting
 20111 | Shoals:1 | Reached XP level 16. HP: 96/96 MP: 36/42
 20724 | Shoals:2 | Shot with an arrow by a satyr

Illustrated notes

Levels and vault maps discovered:
D:1:      sevenhm_arrival_forest_fort_small_3, layout_rooms,
          chequers_serial_rivers_room_b, minmay_misc_feat_five
D:2:      layout_loops_ring, dreamdust_ecumenical_altar_angels_and_demons,
          serial_shops, shop
D:3:      layout_basic, grunt_temple_overflow_open, minmay_misc_feat_iff
D:4:      layout_basic, nicolae_overflow_quartered_altars, serial_shops,
          nicolae_diamond_shop
D:5:      layout_loops_ring, lemuel_doored_altar, minmay_misc_feat_rows,
          dreamdust_wishing_well
D:6:      layout_loops_cross, fedhas_altar_fruit_tree,
          minmay_temple_entry_glass, uniq_pikel, uniq_blork_the_orc
D:7:      layout_basic, uniq_menkaure, uniq_joseph, uniq_crazy_yiuf_cottage
D:8:      layout_basic, nicolae_uskayaw_dance_hall, serial_demonic,
          serial_demonic_d, serial_demonic_a, serial_demonic_c,
          serial_demonic_c, nicolae_diode_quadrants
D:9:      layout_irregular_city, kennysheep_little_box, enter_bailey_4,
          minmay_between, uniq_harold
D:10:     layout_basic, nicolae_ru_awakened_eye
D:11:     layout_rooms, hellmonk_lair_entry_icy, serial_ice, serial_ice_j,
          serial_ice_m, serial_ice_o, serial_ice_c, serial_ice_g, serial_ice_f,
          guppyfry_shop_earth, uniq_psyche, uniq_lodul
D:12:     layout_roguey, nicolae_trove_entry_crossroad
Lair:1:   layout_small_grid
Lair:2:   gammafunk_boulding_lane, layout_small_grid, elwin_shoals_entry_rooms
Lair:3:   kb_forest_paths, layout_chaotic_city, spider_nest_entry_rubble
Lair:4:   layout_hall_layers, grunt_megastairs_3, lemuel_fruit_fields,
          uniq_rupert
Lair:5:   guppyfry_lair_end_dragon, layout_misc_corridors, wormcave,
          dpeg_slime_entry_enclosed
Shoals:1: layout_shoals, nicolae_shoals_nautilus_by_nature
Shoals:2: argonaut_golden_fleece, layout_shoals, nicolae_shop_firing_range
Spider:1: layout_spider_delve, nicolae_spider_some_kinda_spiderbox
Spider:2: layout_spider_delve, nicolae_spider_twisty_arc_passages
Orc:1:    layout_caves
Orc:2:    pf_orc_diabolical, layout_diamond_mine, uniq_azrael
Elf:1:    minmay_elf_arrival_plus, layout_loops_cross,
          kennysheep_underground_church

Skill      XL: |  1  2  3  4  5  6  7  8  9 10 11 12 13 14 15 |
---------------+----------------------------------------------+-----
Spellcasting   | 5 6 7 8 9 10 11 13 14 16 17 18 20 | 20.3
Necromancy     | 1 2 3 5 6 7 8 9 10 | 10.1
Dodging        | 1 2 3 4 5 6 7 8 9 10 | 10.7
Short Blades   | 1 2 3 4 |  4.4
Translocations | 3 4 5 |  5.2
Conjurations   | 2 3 4 5 6 |  6.8
Stealth        | 2 3 4 5 |  5.9
Shields        | 2 3 4 5 |  5.3
Transmutations | 2 3 4 5 6 |  6.4
Fire Magic     | 2 3 4 5 6 |  6.3
Air Magic      | 2 3 4 5 6 7 8 |  8.5
Poison Magic   | 2 3 4 5 6 7 |  7.8
Fighting       | 1 4 5 6 7 8 9 |  9.6
Throwing       | 1 |  1.6
Armour         | 1 2 3 4 5 |  5.6
Ice Magic      | 3 4 5 |  5.6
Earth Magic    | 1 3 5 |  5.8
Long Blades    | 1 |  1.5
Invocations    | |  1.0

Action                     |  1- 3 |  4- 6 |  7- 9 | 10-12 | 13-15 | 16-18 || total
---------------------------+-------+-------+-------+-------+-------+-------++-------
  Melee: Short sword       |    14 |       |       |       |       |       ||    14
         Rapier            |    35 |    51 |    52 |    85 |     9 |       ||   232
         Dagger            |       |    13 |    13 |    43 |    32 |       ||   101
         Scimitar          |       |       |       |       |    47 |     7 ||    54
  Throw: Dart              |       |     7 |    19 |    25 |       |       ||    51
         Boomerang         |       |       |       |     3 |     2 |       ||     5
   Cast: Apportation       |    31 |    18 |    35 |    56 |    49 |     3 ||   192
         Magic Dart        |    42 |    35 |     8 |    32 |     7 |       ||   124
         Blink             |     1 |     1 |     1 |     9 |     6 |       ||    18
         Vampiric Draining |       |    14 |    37 |    44 |    37 |     3 ||   135
         Searing Ray       |       |     6 |    19 |    83 |    23 |       ||   131
         Mephitic Cloud    |       |       |     5 |    61 |    23 |       ||    89
         Ignite Poison     |       |       |     5 |    65 |   148 |     9 ||   227
         Poisonous Vapours |       |       |       |    48 |   226 |    14 ||   288
         Irradiate         |       |       |       |     6 |    17 |       ||    23
         Fireball          |       |       |       |    10 |     6 |     3 ||    19
         Freezing Cloud    |       |       |       |     7 |    35 |     3 ||    45
         Wereblood         |       |       |       |     5 |    20 |     3 ||    28
         Sticky Flame      |       |       |       |       |    31 |     2 ||    33
         Olgreb's Toxic Ra |       |       |       |       |    15 |     3 ||    18
         Frozen Ramparts   |       |       |       |       |     8 |     2 ||    10
  Evoke: Wand              |       |       |       |       |     3 |       ||     3
    Use: Scroll            |     1 |       |       |    19 |     4 |     3 ||    27
         Potion            |       |       |       |     5 |     2 |       ||     7
   Stab: Sleeping          |     1 |     3 |    10 |     5 |     5 |       ||    24
         Confused          |       |       |       |     7 |     1 |       ||     8
 Armour: Robe              |    19 |    18 |    32 |    29 |       |       ||    98
         Troll leather arm |       |       |       |    14 |    79 |    18 ||   111
  Dodge: Dodged            |    36 |    45 |   101 |   114 |   191 |    28 ||   515
  Block: Buckler           |    16 |    12 |    33 |    39 |    63 |    26 ||   189
         Reflection        |       |       |       |       |     4 |     4 ||     8
